 Dungeon Crawl Stone Soup version 0.15-a0-1950-gbc841a2 (webtiles) character file.

99 N00bl0rd the Ducker (level 5, -2/29 HPs)
             Began as a Kobold Arcane Marksman on July 9, 2014.
             Slain by Grinder (5 damage)
             ... on Level 3 of the Dungeon.
             The game lasted 00:12:01 (2366 turns).

N00bl0rd the Ducker (Kobold Arcane Marksman)        Turns: 2366, Time: 00:12:01

HP  -2/29        AC  3     Str 10      XL: 5   Next:  2%
MP   3/7         EV 17     Int 11      God:
Gold 142         SH  0     Dex 19      Spells:  2 memorised,  3 levels left

rFire  . . .     SeeInvis .     s - +2 mace (drain)
rCold  . . .     Clarity  .     a - +0 robe
rNeg   + . .     rCorr    .     (no shield)
rPois  .         rRot     .     (no helmet)
rElec  .         Spirit   .     o - +0 cloak
SustAb .         Warding  +     (no gloves)
rMut   .         Stasis   .     (no boots)
Gourm  .                        l - amulet of warding
MR     .....                    (no ring)
                                e - +3 ring of dexterity

@: very slightly contaminated, not resistant to hostile enchantments, unstealthy
A: carnivore 3
a: no special abilities


You were on level 3 of the Dungeon.
You were very full.

You visited 1 branch of the dungeon, and saw 3 of its levels.

You collected 142 gold pieces.

Inventory:

Hand weapons
 b - a +0 crossbow
 s - a +2 mace of draining (weapon)
Missiles
 c - 19 bolts
Armour
 a - a +0 robe (worn)
 o - a +0 cloak (worn)
Magical devices
 y - a wand of polymorph (9)
Comestibles
 f - 4 meat rations
 g - a royal jelly
Scrolls
 h - a scroll of teleportation {unknown}
 i - a scroll of remove curse {unknown}
 j - 3 scrolls of identify
 k - 3 scrolls of fear {unknown}
 t - a scroll of immolation {unknown}
 x - a scroll of magic mapping {unknown}
 A - a scroll of enchant armour {unknown}
Jewellery
 e - a +3 ring of dexterity (left hand)
 l - an amulet of warding (around neck)
 v - an uncursed amulet of faith
Potions
 m - a potion of cure mutation {unknown}
 n - 2 potions of curing {unknown}
 p - a potion of might {unknown}
 r - a potion of decay {unknown}
Books
 d - a book of Debilitation

   Spells                             Type                      Level
   *Corona                            Hexes                        1
   *Slow                              Hexes                        2
   Inner Flame                        Hexes/Fire                   3
   Enslavement                        Hexes                        4
   Cause Fear                         Hexes                        4
   Leda's Liquefaction                Hexes/Earth                  4


   Skills:
 - Level 1.1 Fighting
 * Level 3.7 Crossbows
 * Level 3.8 Dodging
 + Level 1.3 Spellcasting
 * Level 3.8 Hexes


You had 3 spell levels left.
You knew the following spells:

 Your Spells              Type           Power        Failure   Level  Hunger
a - Corona                Hex            #......      10%         1    ##.....
b - Slow                  Hex            #.......     12%         2    ###....


Dungeon Overview and Level Annotations

Branches:
Dungeon (3/15)

Altars:
Makhleb

Annotations:
D:3 Grinder


Innate Abilities, Weirdness & Mutations

You are small and have problems with some larger weapons.
You are carnivorous and can eat meat at any time.


Message History

You resist with significant effort.
Unknown command.
You sock Grinder!
Grinder is heavily wounded.
Grinder stops glowing.
Grinder completely misses you. Grinder closely misses you.
Unknown command.
You hit Grinder but do no damage.
Grinder is heavily wounded.
Grinder hits you.
* * * LOW HITPOINT WARNING * * *
Unknown command.
You closely miss Grinder.
Grinder is heavily wounded.
Grinder completely misses you.
Unknown command.
You completely miss Grinder.
Grinder is heavily wounded.
Grinder hits you.
You die...

#####
........##..##.#
......##.##..##.#
......##.##...#.#
......##....#.#.#
#......#..#...#
#......#..#...#
##......#......#
#..)...##.##.#.# P
#(@5...##.##....
.... .#
###(..)..##.##.#.##


PP.P.PPP.# #<%.....###....#.# ..P.P...P.# ###......##.##.# PPPPP.PPP.#
#.....>##.#..# ..........# ##.............# .........#####........#.#.#.
.......S#...##........# .. ........#.#.##.#####..# .# You could see Grinder.

Vanquished Creatures
  2 adders (D:3)
  A giant mite (D:1)
  A worm (D:3)
  4 giant geckos
  An ooze (D:1)
  An orc (D:3)
  A ball python (D:3)
  4 giant cockroaches
  7 goblins
  8 hobgoblins
  4 jackals (D:2)
  10 kobolds
  7 bats
  3 giant newts
  8 rats
62 creatures vanquished.

Notes
Turn   | Place    | Note
--------------------------------------------------------------
     0 | D:1      | N00bl0rd, the Kobold Arcane Marksman, began the quest for the Orb.
     0 | D:1      | Reached XP level 1. HP: 12/12 MP: 2/2
   107 | D:1      | Reached XP level 2. HP: 16/16 MP: 3/3
   203 | D:1      | Learned a level 2 spell: Slow
   361 | D:1      | Reached XP level 3. HP: 17/20 MP: 4/4
  1137 | D:2      | Found a burning altar of Makhleb.
  1315 | D:2      | Reached XP level 4. HP: 25/25 MP: 6/6
  1872 | D:3      | Noticed Grinder
  2003 | D:3      | Paralysed by Grinder for 2 turns
  2029 | D:2      | Reached XP level 5. HP: 3/29 MP: 7/7
  2030 | D:2      | HP: 1/29 [jackal (2)]
  2349 | D:3      | Paralysed by Grinder for 4 turns
  2358 | D:3      | Paralysed by Grinder for 4 turns
  2366 | D:3      | Slain by Grinder

Action                   |  1- 3 |  4- 6 || total
-------------------------+-------+-------++-------
Melee: Crossbow          |    22 |       ||    22
       Mace              |       |    22 ||    22
 Fire: Crossbow          |    71 |    57 ||   128
 Cast: Corona            |     8 |     8 ||    16
       Slow              |       |     4 ||     4
Evoke: Wand              |       |     1 ||     1
  Use: Scroll            |       |     1 ||     1
  Eat: Chunk             |     9 |     3 ||    12
